 Dungeon Crawl Stone Soup version 0.16-a0-3330-g2931290 (webtiles) character file.

75 Inkie the Vexing (level 4, -3/30 HPs)
             Began as a Vampire Enchanter on Dec 28, 2014.
             Killed from afar by an orc wizard (5 damage)
             ... with a magic dart
             ... on level 3 of the Dungeon.
             The game lasted 00:07:43 (1682 turns).

Inkie the Vexing (Vampire Enchanter)                Turns: 1682, Time: 00:07:44

Health: -3/30      AC:  5    Str:  7    XL:     4   Next: 11%
Magic:  1/7        EV: 12    Int: 18    God:
Gold:   175        SH:  0    Dex: 14    Spells: 2 memorised, 4 levels left

rFire  . . .     SeeInvis +     g - +4 dagger (venom)
rCold  . . .     Clarity  .     b - +1 robe
rNeg   + . .     SustAb   .     (no shield)
rPois  .         Gourm    .     d - +0 helmet
rElec  .         Spirit   .     m - +0 cloak
rCorr  .         Warding  .     (no gloves)
rMut   .         Stasis   .     (no boots)
MR     .....                    (no amulet)
Stlth  ++++......               (no ring)
                                f - ring of flight

@: very slightly contaminated, not resistant to hostile enchantments, stealthy
A: bottle blood, fangs 3, see invisible, unbreathing
a: Bat Form, Evoke Flight


You were on level 3 of the Dungeon.
You were not thirsty.

You visited 1 branch of the dungeon, and saw 3 of its levels.

You collected 175 gold pieces.

Inventory:

Hand weapons
 a - a +1 dagger
 g - a +4 dagger of venom (weapon)
Missiles
 e - 162 stones (quivered)
Armour
 b - a +1 robe (worn)
 d - a +0 helmet (worn)
 m - a +0 cloak (worn)
Jewellery
 f - a ring of flight (left hand)
Magical devices
 n - a wand of frost (27)
Scrolls
 i - a scroll of remove curse {unknown}
 k - a scroll of immolation {unknown}
 l - 2 scrolls of enchant weapon {unknown}
 p - a scroll of fog {unknown}
 r - a scroll of identify {unknown}
Potions
 h - 9 potions of blood
 j - a potion of curing {unknown}
 o - 2 potions of resistance {unknown}
 q - a potion of invisibility {unknown}
Books
 c - a book of Maledictions

   Spells                             Type                      Level
   a - Corona                         Hexes                        1
   b - Sure Blade                     Hexes/Charms                 2
   c - Ensorcelled Hibernation        Hexes/Ice                    2
   d - Confuse                        Hexes                        3
   e - Dazzling Spray                 Conjuration/Hexes            3
   f - Enslavement                    Hexes                        4


   Skills:
 - Level 1.1 Short Blades
 - Level 2.1 Dodging
 - Level 6.0 Stealth
 - Level 2.0 Spellcasting
 + Level 6.2 Hexes


You had 4 spell levels left.
You knew the following spells:

 Your Spells              Type           Power        Failure   Level  Hunger
a - Corona                Hex            ###....      1%          1    #......
c - Ensorcelled Hibernat  Hex/Ice        ##....       10%         2    ###....


Dungeon Overview and Level Annotations

Branches:
Dungeon (3/15)

Altars:
Makhleb


Innate Abilities, Weirdness & Mutations

You can bottle blood from corpses.
You have razor-sharp teeth.
You have supernaturally acute eyesight.
You can survive without breathing.


Message History

Unknown command.
The orc wizard hits you with a dagger.
The orc wizard hits you but does no damage.
Items here: ) [ †† a leather armour; a club; an orc corpse; an adder corpse You closely miss the orc wizard.
The orc wizard gestures at you while chanting.
The magic dart hits you!
* * * LOW HITPOINT WARNING * * *
You hit the orc wizard.
The orc wizard is poisoned.
The orc wizard is moderately wounded.
The orc wizard hits you with a dagger.
* * * LOW HITPOINT WARNING * * *
You hit the orc wizard.
The orc wizard is heavily wounded.
The orc wizard hits you with a dagger.
* * * LOW HITPOINT WARNING * * *
The orc wizard points at you and mumbles some strange words.
The magic dart hits you!
You die...

#.# #.# #.# #.# #.# #.#
#.# #.# #.# #†# #
#######.# #.# #. #.......#
#.#
#####..######.#########.##
.........@oK..............
######..###o#.######.#####
##. #..... #.# #. #.....#
#.# ## #.....# #.# #o....#
#.# #K....# #.# #.....#
#.# #... #.#


You could see an orc wizard, an orc and a kobold.

Vanquished Creatures
  2 adders
  A worm (D:2)
  An orc (D:3)
  10 goblins
  5 hobgoblins
  10 bats
  2 giant cockroaches (D:2)
  11 kobolds
  8 rats
50 creatures vanquished.

Notes
Turn   | Place    | Note
--------------------------------------------------------------
     0 | D:1      | Inkie, the Vampire Enchanter, began the quest for the Orb.
     0 | D:1      | Reached XP level 1. HP: 13/13 MP: 3/3
    72 | D:1      | Reached skill level 5 in Stealth
   277 | D:1      | Reached XP level 2. HP: 16/19 MP: 4/4
   378 | D:1      | Learned a level 2 spell: Ensorcelled Hibernation
   591 | D:1      | Reached skill level 6 in Stealth
   867 | D:2      | Reached skill level 5 in Hexes
   867 | D:2      | Reached XP level 3. HP: 24/24 MP: 6/6
  1276 | D:2      | Found a burning altar of Makhleb.
  1675 | D:3      | Reached XP level 4. HP: 16/30 MP: 0/7
  1682 | D:3      | Killed from afar by an orc wizard

Action                   |  1- 3 |  4- 6 || total
-------------------------+-------+-------++-------
Melee: Dagger            |   103 |     6 ||   109
 Cast: Corona            |     4 |       ||     4
       Ensorcelled Hiber |     3 |       ||     3
  Use: Potion            |     6 |       ||     6
 Stab: Sleeping          |     7 |       ||     7
       Distracted        |     1 |       ||     1
